 Dungeon Crawl Stone Soup version 0.30-a0-377-g5cb311bc9f (webtiles) character file.

Game seed: 16377642774714800683

69313 porpoise the Markstengu (level 15, -11/100 HPs)
             Began as a Tengu Hunter on Nov 27, 2022.
             Was the Champion of Okawaru.
             Mangled by a frost giant
             ... wielding a +2 battleaxe of freezing
              (22 damage)
             ... on level 11 of the Dungeon on Nov 28, 2022.
             The game lasted 02:03:23 (24280 turns).

porpoise the Markstengu (Tengu Hunter)             Turns: 24280, Time: 02:03:24

Health: -11/100    AC: 15    Str: 12    XL:     15   Next: 29%
Magic:  21/21      EV: 18    Int: 10    God:    Okawaru [******]
Gold:   1153       SH:  5    Dex: 24    Spells: 10/14 levels left

rFire   + . .      SeeInvis .    a - +1 longbow (freeze)
rCold   + . .      Faith    .    (shield currently unavailable)
rNeg    . . .      Spirit   .    Y - quicksilver dragon scales
rPois   +          Reflect  +    (helmet restricted)
rElec   .          Harm     .    H - scarf {rC+ rF+}
rCorr   .          Rampage  .    P - +0 pair of gloves
Will    ++...                    (boots unavailable)
Stlth   +++.......               N - amulet of reflection
HPRegen 0.36/turn                m - +4 ring of slaying
MPRegen 0.17/turn                x - ring of poison resistance

@: flying quickly and evasively, studying Translocations, quick
A: beak, talons 3, nimble flight
a: Renounce Religion, Heroism, Finesse, Duel


You were on level 11 of the Dungeon.
You worshipped Okawaru.
Okawaru was exalted by your worship.
You visited 3 branches of the dungeon, and saw 17 of its levels.
You also visited: Sewer, Bailey and Volcano.

You collected 1169 gold pieces.
You spent 16 gold pieces at shops.

Inventory:

Hand Weapons
 a - a +1 longbow of freezing (weapon)
 b - the +8 trident of the Octopus King {venom, rElec rPois}
   (You found it on level 5 of the Lair of Beasts)

   It poisons the flesh of those it strikes.
   rElec:     It insulates you from electricity.
   rPois:     It protects you from poison.
Missiles
 D - 20 curare-tipped darts
Armour
 l - +0 acid dragon scales
 H - a scarf of resistance (worn)
 P - a +0 pair of gloves (worn)
 Y - quicksilver dragon scales (worn)
Jewellery
 m - a +4 ring of slaying (left hand)
 r - the ring of Biemukkaki {rElec EV+4 Str-3 SInv}
   (You found it on level 11 of the Dungeon)

   [ring of evasion]

   EV:        It affects your evasion (+4).
   Str:       It affects your strength (-3).
   rElec:     It insulates you from electricity.
   SInv:      It lets you see invisible.
 x - a ring of poison resistance (right hand)
 N - an amulet of reflection (around neck)
 R - a ring of willpower
Wands
 d - a wand of paralysis (10)
 p - a wand of quicksilver (9)
 A - a wand of flame (2)
 F - a wand of mindburst (1)
 L - a wand of polymorph (4)
Scrolls
 c - 2 scrolls of silence
 e - 2 scrolls of blinking
 f - a scroll of fog
 g - a scroll of magic mapping
 h - a scroll of enchant weapon
 k - a scroll of enchant armour
 t - 4 scrolls of identify
 u - 5 scrolls of poison
 w - 3 scrolls of vulnerability
 C - 6 scrolls of teleportation
Potions
 i - 2 potions of resistance
 j - 11 potions of curing
 o - 4 potions of lignification
 q - 5 potions of attraction
 s - 8 potions of ambrosia
 z - 5 potions of might
 G - 3 potions of haste
 M - 6 potions of heal wounds
 O - 2 potions of cancellation
Miscellaneous
 n - a tin of tremorstones (2/2)
 B - a condenser vane (inert)


   Skills:
 - Level 14.0 Fighting
 - Level 6.0 Polearms
 + Level 17.2 Ranged Weapons
 + Level 11.6 Armour
 - Level 7.0 Dodging
 - Level 7.0 Stealth
 - Level 7.0 Invocations
 - Level 5.0 Evocations


You had 10 spell levels left.
You knew the following spells:

 Your Spells              Type           Power      Damage    Failure   Level
k - Blink                 Tloc           0%         N/A       71%         2
s - Momentum Strike       Conj/Tloc      0%         3d8       71%         2

Your spell library contained the following spells:

 Spells                   Type           Power      Damage    Failure   Level
 Sandblast                Erth           0%         2d4       56%         1
 Cigotuvi's Dreadful Rot  Necr/Pois/Air  0%         N/A       71%         2
 Passwall                 Tmut/Erth      0%         N/A       71%         2
 Scorch                   Fire           0%         2d5       71%         2
 Kindle Blastsparks       Fire/Tloc/Air  0%         2d10      91%         3
 Lesser Beckoning         Tloc           0%         N/A       91%         3
 Stone Arrow              Conj/Erth      0%         3d7       91%         3
 Dispel Undead            Necr           0%         3d6       100%        4
 Flame Wave               Conj/Fire      0%         2d4       100%        4
 Manifold Assault         Tloc           0%         N/A       100%        4
 Yara's Violent Unravell  Hex/Tmut       0%         3d3       100%        5
 Orb of Destruction       Conj           0%         9d5       100%        7
 Storm Form               Tmut/Air       0%         N/A       100%        7
 Fire Storm               Conj/Fire      0%         5d1       100%        9
 Summon Guardian Golem    Hex/Summ       Unusable   N/A       N/A         3
 Death Channel            Necr           Unusable   N/A       N/A         6
 Summon Cactus Giant      Summ           Unusable   N/A       N/A         6
 Spellforged Servitor     Conj/Summ      Unusable   N/A       N/A         7

Dungeon Overview and Level Annotations

Branches:
Dungeon (11/15)            Temple (1/1) D:7            Lair (5/5) D:9
  Swamp (0/4) Lair:3       Spider (0/4) Lair:2        Slime (0/5) Lair:4
    Orc (0/2) D:9           Sewer (visited)          Bailey (visited)
Volcano (visited)

Altars:
Ashenzari
Cheibriados
Dithmenos
Hepliaklqana
Kikubaaqudgha
Okawaru
Qazlal
Trog
Uskayaw
Vehumet
Wu Jian
Xom

Shops:
D:4 :   D:5 *(   D:6 :

Annotations:
Lair:4 2 runed translucent doors, Catyentaxio's ghost, journeyman MfBe
Lair:5 1 runed translucent door, ShnitzelX2's ghost, journeyman MiCA


Innate Abilities, Weirdness & Mutations

You have a beak for a mouth.
You have claws for feet.
Your magical nature lets you fly swiftly and evasively.


Message History

You are too injured to fight recklessly!
You are too injured to fight recklessly!
The frost giant splashes around in the water.
You are too injured to fight recklessly!
Fire: a) +1 longbow (freeze)
Press: ? - help, Q - select action, (/) - cycle Shift-Dir - straight line, f/p - frost giant
Aim: a frost giant, wielding a +2 battleaxe of freezing (water, moderately wounded, 91% to hit)
You shoot an arrow.
The arrow hits the frost giant but does no damage.
The frost giant is moderately wounded.
The frost giant gestures at you while chanting.
The bolt of cold hits you! You resist.
Fire: a) +1 longbow (freeze)
Press: ? - help, Q - select action, (/) - cycle Shift-Dir - straight line, f/p - frost giant
Aim: a frost giant, wielding a +2 battleaxe of freezing (water, moderately wounded, 91% to hit)
Okay, then.
Fire: a) +1 longbow (freeze)
Press: ? - help, Q - select action, (/) - cycle Shift-Dir - straight line, f/p - frost giant
Aim: a frost giant, wielding a +2 battleaxe of freezing (freezing vapour, water, moderately wounded, 91% to hit)
You shoot an arrow. The arrow hits the frost giant.
The frost giant is moderately wounded.
Fire: a) +1 longbow (freeze)
Press: ? - help, Q - select action, (/) - cycle Shift-Dir - straight line, f/p - frost giant
Aim: a frost giant, wielding a +2 battleaxe of freezing (freezing vapour, water, moderately wounded, 91% to hit)
You shoot an arrow.
The arrow hits the frost giant but does no damage.
The frost giant is moderately wounded.
The frost giant is engulfed in freezing vapours.
The frost giant gestures at you while chanting.
The bolt of cold hits you!! You resist.
* * * LOW HITPOINT WARNING * * *
Fire: a) +1 longbow (freeze)
Press: ? - help, Q - select action, (/) - cycle Shift-Dir - straight line, f/p - frost giant
Aim: a frost giant, wielding a +2 battleaxe of freezing (water, heavily wounded, 91% to hit)
You shoot an arrow.
The arrow barely misses the frost giant.
You are engulfed in freezing vapours.
You resist.
* * * LOW HITPOINT WARNING * * *
The frost giant hits you with a +2 battleaxe of freezing!!
You die...

##≈≈≈≈≈ ## #
#≈≈≈≈≈##..### # #
#≈≈~.....# # #
#≈≈#.....# # ## #≈##
C..## # ≈# ##≈# ~~# #
≈## ##≈≈# ~≈## # ≈≈###
#≈≈≈####≈≈≈≈# #
≈≈≈≈#### ###≈≈≈C@○○○○≈#
#
#≈≈≈≈≈≈###≈≈≈≈≈≈≈≈≈≈###
# ##≈≈≈≈≈≈≈≈≈≈≈≈≈≈≈≈≈≈#
# #≈≈≈≈≈≈≈≈≈≈≈≈≈≈≈≈≈≈~#
#
##≈≈≈≈≈≈≈≈≈≈≈≈≈≈≈≈≈~.#
# #≈≈≈≈≈≈≈≈≈≈≈≈≈≈≈≈≈~≈#
# #≈≈≈≈≈≈≈≈≈≈≈≈≈≈≈≈≈≈##
# ##≈≈≈≈≈≈≈≈≈≈≈≈≈≈####
# #≈≈≈≈≈≈~≈~≈≈≈≈≈## #


You could see a frost giant.

Vanquished Creatures
  Gastronok (D:8)
  An ice dragon (D:11)
  4 hydras
  A catoblepas (Lair:5)
  A merfolk avatar (Lair:5)
  A boulder beetle (Lair:1)
  An anaconda (Lair:5)
  A two-headed ogre (D:8)
  A death yak (Lair:4)
  Urug (D:10)
  A hell knight (Volcano)
  A sun demon (Volcano)
  3 lindwurms
  2 ugly things (Volcano)
  An oklob plant (Lair:4)
  A manticore (Lair:5)
  22 elephants
  Maurice (D:8)
  4 black mambas
  3 torpor snails
  An ice statue (D:11)
  8 cane toads
  2 gargoyles (D:10)
  11 komodo dragons
  7 rime drakes
  A red devil (Volcano)
  2 wind drakes (Lair:5)
  3 meliai (Lair:4)
  A hornet (D:8)
  2 queen bees
  2 polar bears
  Prince Ribbit (D:5)
  38 blink frogs
  2 snapping turtles (Lair:5)
  10 dream sheep
  3 shadows
  5 fire bats (Volcano)
  2 basilisks (Lair:1)
  55 yaks
  A wraith (D:11)
  2 humans (D:8)
  Grum (D:7)
  8 wyverns
  A steam dragon (Lair:2)
  2 wargs (D:9)
  Menkaure (D:4)
  A swamp worm (Lair:3)
  13 water moccasins
  2 acid dragons (D:11)
  2 hell hounds (Volcano)
  7 orc warriors
  13 ice beasts
  8 black bears
  3 ogres
  11 wolves
  A centaur (D:6)
  2 phantoms (D:4)
  9 kobold brigands
  Blork the orc (D:5)
  11 bullfrogs
  4 scorpions
  7 wights (D:8)
  53 killer bees
  2 howler monkeys
  10 electric eels
  8 lava snakes (Volcano)
  2 hounds
  2 jellies
  4 orc priests
  5 hell rats (Lair:1)
  4 iguanas
  Natasha (D:2)
  6 orc wizards
  Terence (D:2)
  9 gnolls
  8 adders
  2 river rats (Sewer)
  2 shadow imps
  An ufetubus (D:5)
  6 worms
  2 dart slugs (D:1)
  29 orcs
  5 bats
  8 endoplasms
  3 giant cockroaches
  6 goblins
  6 hobgoblins
  10 jackals
  6 quokkas
  3 ball pythons
  2 frilled lizards
  21 kobolds
  10 rats
  2 butterflies
558 creatures vanquished.

Vanquished Creatures (others)
  38 fungi
  54 plants
  2 withered plants (D:4)
94 creatures vanquished.

Grand Total: 652 creatures vanquished

Notes
Turn   | Place    | Note
-------+----------+-------------------------------------------
     0 | D:1      | porpoise the Tengu Hunter began the quest for the Orb.
     0 | D:1      | Reached XP level 1. HP: 12/12 MP: 2/2
    19 | D:1      | You fall into a shaft and drop 1 floor!
    77 | D:1      | Reached XP level 2. HP: 10/17 MP: 3/3
   181 | D:1      | Reached skill level 5 in Ranged Weapons
   232 | D:1      | Reached XP level 3. HP: 22/22 MP: 4/4
   446 | D:2      | Found a faded altar of an unknown god.
   933 | D:2      | Reached XP level 4. HP: 27/27 MP: 5/5
   959 | D:2      | Noticed Natasha
   972 | D:2      | Killed Natasha
  1193 | D:2      | Noticed Terence
  1197 | D:2      | Reached skill level 6 in Ranged Weapons
  1202 | D:2      | Killed Terence
  1203 | D:2      | Gained mutation: Your magical nature lets you fly swiftly
                  | and evasively. [Tengu growth]
  1203 | D:2      | Reached XP level 5. HP: 21/32 MP: 6/6
  1717 | D:3      | Reached skill level 7 in Ranged Weapons
  1717 | D:3      | Reached XP level 6. HP: 33/38 MP: 7/7
  2005 | D:3      | Found a hide-covered altar of Uskayaw.
  2005 | D:3      | Found a stormy altar of Qazlal.
  2343 | D:4      | Reached XP level 7. HP: 44/44 MP: 8/8
  2660 | D:4      | Found Qitihiol's Tremendous Tomes.
  2676 | D:4      | Noticed Menkaure
  2681 | D:4      | Killed Menkaure
  2682 | D:4      | Reached skill level 8 in Ranged Weapons
  2812 | D:4      | Reached skill level 5 in Fighting
  3212 | D:4      | Found a snail-covered altar of Cheibriados.
  3391 | D:5      | Entered Level 5 of the Dungeon
  3404 | D:5      | Found a glowing drain.
  3426 | Sewer    | Entered a sewer
  3434 | Sewer    | Reached skill level 9 in Ranged Weapons
  3608 | Sewer    | Reached XP level 8. HP: 46/50 MP: 9/9
  3712 | Sewer    | Found a white marble altar of Elyvilon.
  3892 | D:5      | Reached skill level 10 in Ranged Weapons
  4006 | D:5      | Found Zofo's Weapon Shoppe.
  4052 | D:5      | Noticed Prince Ribbit
  4059 | D:5      | Killed Prince Ribbit
  4083 | D:5      | Found Zudghis's CLEARANCE SALE!.
  4091 | D:5      | Bought a scroll of vulnerability for 16 gold pieces
  4454 | D:5      | Reached XP level 9. HP: 56/56 MP: 10/10
  4552 | D:5      | Found a hazy altar of Hepliaklqana.
  4853 | D:6      | Noticed Blork the orc
  4899 | D:5      | Killed Blork the orc
  4900 | D:5      | Reached skill level 11 in Ranged Weapons
  5201 | D:6      | Found a shimmering altar of Xom.
  5202 | D:6      | Found an ancient bone altar of Kikubaaqudgha.
  5521 | D:6      | Found Meimu's Book Shoppe.
  5674 | D:7      | Reached skill level 1 in Armour
  5720 | D:7      | Found a flagged portal.
  5765 | Bailey   | Entered a bailey
  5834 | Bailey   | Reached skill level 12 in Ranged Weapons
  6081 | Bailey   | Got the Octavo of Cunning Pyromania
  6444 | Bailey   | Found a bloodstained altar of Trog.
  7029 | D:7      | Reached XP level 10. HP: 63/63 MP: 11/11
  7159 | D:7      | Reached skill level 13 in Ranged Weapons
  7373 | D:8      | Noticed a two-headed ogre
  7384 | D:8      | Killed a two-headed ogre
  7385 | D:8      | Reached skill level 5 in Armour
  7624 | D:8      | Noticed Maurice
  7634 | D:8      | Killed Maurice
  7685 | D:8      | Reached skill level 5 in Stealth
  7685 | D:8      | Reached skill level 5 in Evocations
  7685 | D:8      | Reached XP level 11. HP: 67/67 MP: 12/12
  7833 | D:8      | Reached skill level 14 in Ranged Weapons
  8156 | D:8      | Noticed Grum
  8158 | D:8      | Noticed Gastronok
  8780 | D:7      | Killed Grum
  9058 | D:8      | Killed Gastronok
  9240 | D:8      | Found an iron altar of Okawaru.
  9266 | D:8      | Became a worshipper of Warmaster Okawaru
  9624 | D:8      | Reached * piety under Okawaru
  9875 | D:9      | Reached XP level 12. HP: 66/73 MP: 13/13
  9918 | D:9      | Found a staircase to the Lair.
 10108 | D:9      | Found a broken altar of Ashenzari.
 10159 | D:9      | Found a staircase to the Orcish Mines.
 10479 | D:9      | Found a transporter.
 10498 | D:9      | Found a transporter.
 10500 | D:9      | Found a transporter.
 10538 | D:9      | Found a transporter.
 10767 | D:10     | Entered Level 10 of the Dungeon
 11021 | D:10     | Reached skill level 15 in Ranged Weapons
 11148 | D:10     | Found an ornate altar of the Wu Jian Council.
 11338 | D:10     | Noticed Urug
 11355 | D:10     | Killed Urug
 11355 | D:10     | Reached ** piety under Okawaru
 11932 | D:10     | Found a shadowy altar of Dithmenos.
 12248 | D:7      | Found a staircase to the Ecumenical Temple.
 12256 | Temple   | Entered the Ecumenical Temple
 12353 | Lair:1   | Entered Level 1 of the Lair of Beasts
 12980 | Lair:1   | Reached *** piety under Okawaru
 13370 | Lair:1   | Reached skill level 16 in Ranged Weapons
 13391 | Lair:1   | Reached **** piety under Okawaru
 13460 | Lair:1   | Noticed a boulder beetle
 13462 | Lair:1   | Reached skill level 10 in Fighting
 13462 | Lair:1   | Reached skill level 1 in Polearms
 13947 | Lair:1   | Killed a boulder beetle
 14782 | Lair:2   | Reached ***** piety under Okawaru
 14783 | Lair:2   | Reached XP level 13. HP: 83/83 MP: 14/14
 15186 | Lair:2   | Found a hole to the Spider Nest.
 16080 | Lair:2   | Reached skill level 5 in Polearms
 16802 | Lair:3   | Received a gift from Okawaru
 16930 | Lair:3   | Reached skill level 1 in Invocations
 17461 | Lair:3   | Found a staircase to the Swamp.
 17706 | Lair:4   | Noticed Catyentaxio's ghost (journeyman MfBe)
 17879 | Lair:4   | Found a dark tunnel.
 17957 | Volcano  | Entered a volcano
 17990 | Volcano  | Upgraded the game from 0.30-a0-374-g95c0257040 to
                  | 0.30-a0-377-g5cb311bc9f
 18142 | Volcano  | Reached XP level 14. HP: 92/92 MP: 18/18
 18159 | Volcano  | Reached ****** piety under Okawaru
 18179 | Volcano  | Identified the +2 kite shield of the Cobbler {Str-5 Int+6}
                  | (Okawaru gifted it to you in a volcano)
 18179 | Volcano  | Received a gift from Okawaru
 18244 | Volcano  | Found a bloodstained altar of Trog.
 18268 | Volcano  | Found a radiant altar of Vehumet.
 18307 | Volcano  | Identified 2 scrolls of acquirement
 18421 | Lair:4   | Reached skill level 5 in Invocations
 18469 | Lair:4   | Found a runed translucent door.
 18473 | Lair:4   | Found a staircase to the Slime Pits.
 18493 | Lair:4   | Found a runed translucent door.
 19023 | Lair:4   | HP: 4/94 [elephant (4)]
 19244 | Lair:4   | Acquired the +3 warlock's mirror {reflect}
 19244 | Lair:4   | Found the +3 warlock's mirror {reflect}
 19270 | Lair:4   | Acquired a manual of Translocations
 19559 | Lair:4   | Identified the +2 whip of Ymimp {vamp, Dex+3}
 20214 | Lair:5   | Entered Level 5 of the Lair of Beasts
 20486 | Lair:5   | Found the +8 trident of the Octopus King {venom, rElec
                  | rPois}
 21244 | Lair:5   | Reached skill level 10 in Armour
 21695 | Lair:5   | Reached XP level 15. HP: 100/100 MP: 21/21
 22296 | Lair:5   | Found a runed translucent door.
 22296 | Lair:5   | Noticed ShnitzelX2's ghost (journeyman MiCA)
 22757 | D:11     | Reached skill level 17 in Ranged Weapons
 22760 | D:11     | Learned a level 2 spell: Blink
 22763 | D:11     | Learned a level 2 spell: Momentum Strike
 24213 | D:11     | Identified the ring of Biemukkaki {rElec EV+4 Str-3 SInv}
 24261 | D:11     | Noticed a frost giant
 24280 | D:11     | Mangled by a frost giant

Illustrated notes

Levels and vault maps discovered:
D:1:      lightli_arrival_windingriver, layout_rooms
D:2:      layout_basic, chequers_ecumenical_altar_simple_redux,
          minmay_misc_feat_cross, uniq_terence, uniq_natasha
D:3:      layout_rooms, gammafunk_temple_overflow_elements,
          kennysheep_crisscross, mrwooster_statue_mirror
D:4:      layout_rooms, chei_slow_surprise, serial_undead, serial_undead_a,
          serial_undead_e, serial_undead_a, serial_undead_c,
          nicolae_shop_i_like_big_books, uniq_menkaure
D:5:      layout_gridville, general_overflow_altar, portal_sewer_entry_f,
          grunt_decor_one_mirror, nicolae_inconvenience_store,
          nicolae_shop_clearance, uniq_prince_ribbit1
D:6:      layout_gridville, gammafunk_temple_overflow_statue, serial_glass,
          glass_columns_b, glass_columns_b, serial_shops, nicolae_shop_trees,
          uniq_blork_the_orc
D:7:      layout_loops_ring, minmay_temple_entry_from_below_b, enter_bailey_7
D:8:      layout_gridville, okawaru_humans, item_on_display_a, uniq_gastronok,
          uniq_grum, uniq_maurice
D:9:      layout_cave_pools, ashenzari_altar_1, david_lair_generic,
          david_orc_1_choice, hangedman_abyss_or_decor_stabs, minmay_hedge_maze,
          fungi_pond_lemuel, nicolae_diode_intersection
D:10:     layout_gridville, mainiacjoe_overflow_boulevard,
          pdpol_wu_jian_five_deadly_venoms, uniq_urug
D:11:     minmay_twisted_water, layout_layer_cave
Temple:   nicolae_temple_hex_pool
Lair:1:   layout_layer_cave, grunt_megastairs_5
Lair:2:   layout_loops_ring, spider_nest_entry_web_field, beast_lair_carwin_5,
          lemuel_fruit_fields
Lair:3:   layout_roguey [special_room_bee], palyth_hydra_swamp_entry,
          beast_lair_carwin_9, grunt_megastairs_2, lemuel_fruit_fields
Lair:4:   regret_index_bee_streams, layout_regular_city, slime_entry_2,
          hellmonk_ghost_happy_afterlife, nicolae_volcano_entry_vermiform
Lair:5:   gammafunk_lair_ancient_temple, layout_regular_city,
          ebering_ghost_inner_flame

Skill      XL: |  1  2  3  4  5  6  7  8  9 10 11 12 13 14 15 |
---------------+----------------------------------------------+-----
Ranged Weapons | 5 6 7 9 10 12 13 14 16 17 | 17.2
Fighting       | 3 4 5 6 7 10 12 14 | 14.0
Armour         | 4 6 7 9 10 11 | 11.6
Dodging        | 3 6 7 |  7.0
Stealth        | 5 7 |  7.0
Evocations     | 5 |  5.0
Polearms       | 3 6 |  6.0
Invocations    | 4 7 |  7.0

Action                   |  1- 3 |  4- 6 |  7- 9 | 10-12 | 13-15 || total
-------------------------+-------+-------+-------+-------+-------++-------
Melee: Trident           |       |       |       |     1 |       ||     1
 Fire: Shortbow          |    85 |   108 |   327 |   554 |   342 ||  1416
       Longbow           |       |       |       |       |   690 ||   690
Invok: Heroism           |       |       |       |     1 |     1 ||     2
       Finesse           |       |       |       |       |     1 ||     1
Evoke: Box of beasts     |       |       |     1 |       |       ||     1
       Wand              |       |       |       |     4 |     2 ||     6
       Condenser vane    |       |       |       |     1 |     2 ||     3
       Tin of tremorston |       |       |       |       |     3 ||     3
  Use: Scroll            |       |     6 |    11 |    11 |     6 ||    34
       Potion            |       |       |     7 |     2 |     4 ||    13
Armor: Leather armour    |    10 |       |       |       |       ||    10
       Ring mail         |       |     8 |       |       |       ||     8
       Quicksilver drago |       |     6 |    31 |    32 |    50 ||   119
       Skin              |       |       |    12 |       |       ||    12
       Scale mail        |       |       |       |    29 |    96 ||   125
Dodge: Dodged            |    35 |    26 |    76 |   186 |   349 ||   672
Block: Other             |       |       |       |    30 |   116 ||   146
       Reflection        |       |       |       |     1 |     2 ||     3

Table legend: (Time is in decaauts)
 A = Elapsed time spent in this place.
 B = Non-inter-level travel time spent in this place.
 C = Inter-level travel time spent in this place.
 D = Time resting spent in this place.
 E = Time spent auto-exploring this place.
 F = Levels seen in this place.
 G = Mean time per level.
                   A        B        C        D        E       F      G
               +--------+--------+--------+--------+--------+-----+--------+
         Total |  23212 |  22048 |   1164 |   8790 |   8533 |  20 | 1160.6 |
       Dungeon |  12469 |  11709 |    760 |   4233 |   5300 |  11 | 1133.5 |
        Temple |      1 |      1 |      0 |      0 |      0 |   1 |    1.0 |
          Lair |   9321 |   8918 |    403 |   3940 |   3139 |   5 | 1864.2 |
         Sewer |    313 |    313 |      0 |    105 |     86 |   1 |  313.0 |
        Bailey |    720 |    720 |      0 |    428 |      8 |   1 |  720.0 |
       Volcano |    386 |    386 |      0 |     82 |      0 |   1 |  386.0 |
               +--------+--------+--------+--------+--------+-----+--------+

Top non-repeatable levels by time:
  Lair:4: 2302 daAuts
  Lair:1: 2209 daAuts
     D:8: 1809 daAuts
  Lair:5: 1761 daAuts
     D:7: 1711 daAuts
  Lair:2: 1701 daAuts
    D:11: 1463 daAuts
  Lair:3: 1346 daAuts
     D:5: 1182 daAuts
    D:10: 1130 daAuts
     D:9: 1107 daAuts
     D:4: 1095 daAuts
     D:2: 1082 daAuts
     D:3: 756 daAuts
  Bailey: 720 daAuts
